 Dungeon Crawl Stone Soup version 0.29-a0-902-g0f71de6fce (webtiles) character file.

Game seed: 15903214356123095285

2846 enile the Destroyer (level 9, -2/46 HPs)
             Began as a Tengu Conjurer on July 25, 2022.
             Was an Elder of Hepliaklqana.
             Shot with an arrow by a centaur (4 damage)
             ... on level 7 of the Dungeon.
             The game lasted 00:07:28 (8025 turns).

enile the Destroyer (Tengu Conjurer)                Turns: 8025, Time: 00:07:28

Health: -2/46      AC:  3    Str:  8    XL:     9   Next: 74%
Magic:  11/16      EV: 16    Int: 22    God:    Hepliaklqana [****..]
Gold:   342        SH:  0    Dex: 13    Spells: 13/16 levels left

rFire   . . .      SeeInvis .   h - +2 dagger (drain)
rCold   + . .      Faith    .   (no shield)
rNeg    . . .      Spirit   .   a - +1 robe
rPois   .          Reflect  .   (helmet restricted)
rElec   .          Harm     .   (no cloak)
rCorr   .          Rampage  .   (no gloves)
Will    .....                   (boots unavailable)
Stlth   ++........              (no amulet)
HPRegen 0.15/turn               w - ring of protection from cold
MPRegen 0.15/turn               (no ring)

@: flying quickly and evasively, quick
A: reduced essence, beak, talons 3, nimble flight
a: Renounce Religion, Recall Ancestor, Ancestor Identity, Transference, Idealise


You were on level 7 of the Dungeon.
You worshipped Hepliaklqana.
Hepliaklqana was greatly pleased with you.
You visited 1 branch of the dungeon, and saw 7 of its levels.
You also visited: Ossuary.

You collected 342 gold pieces.

Inventory:

Hand Weapons
 h - a +2 dagger of draining (weapon)
Missiles
 E - 6 throwing nets
Armour
 a - a +1 robe (worn)
Jewellery
 w - a ring of protection from cold (left hand)
 F - an amulet of regeneration
Wands
 e - a wand of charming (5)
 g - a wand of flame (38)
 y - a wand of digging (12)
Scrolls
 f - 2 scrolls of enchant armour
 j - a scroll of fear {unknown}
 k - 2 scrolls of enchant weapon
 l - 2 scrolls of amnesia {unknown}
 m - a scroll of blinking {unknown}
 p - a scroll of teleportation
 q - 3 scrolls of identify {unknown}
 s - a scroll of immolation {unknown}
 u - 3 scrolls of fog {unknown}
 v - a scroll of vulnerability {unknown}
 x - a scroll of brand weapon {unknown}
Potions
 b - 2 potions of magic
 c - a potion of mutation {unknown}
 d - 2 potions of curing {unknown}
 i - 4 potions of cancellation {unknown}
 n - 5 potions of attraction {unknown}
 o - 2 potions of might {unknown}
 r - a potion of ambrosia {unknown}
 t - 3 potions of heal wounds {unknown}
 z - a potion of flight {unknown}
 A - a potion of invisibility {unknown}
 B - 2 potions of resistance {unknown}
 C - a potion of brilliance {unknown}
 D - a potion of lignification {unknown}


   Skills:
 - Level 4.0 Fighting
 - Level 3.0 Short Blades
 - Level 5.0 Dodging
 - Level 4.0 Stealth
 - Level 4.0 Spellcasting
 + Level 11.9 Conjurations
 - Level 2.0 Translocations
 - Level 5.0 Evocations


You had 13 spell levels left.
You knew the following spells:

 Your Spells              Type           Power      Damage    Failure   Level
a - Magic Dart            Conj           100%       1d8       1%          1
b - Blink                 Tloc           26%        N/A       8%          2

Your spell library contained the following spells:

 Spells                   Type           Power      Damage    Failure   Level
 Searing Ray              Conj           100%       2d8       1%          2
 Conjure Flame            Conj/Fire      30%        6-21      3%          3
 Dazzling Flash           Conj/Hex       60%        N/A       3%          3
 Iskenderun's Mystic Bla  Conj/Tloc      35%        2d8       6%          4
 Fulminant Prism          Conj/Hex       15%        3d11      10%         4
 Sticky Flame             Conj/Fire      30%        2d5       10%         4
 Lesser Beckoning         Tloc           13%        N/A       14%         3
 Ignite Poison            Fire/Tmut/Pois 4%         N/A       32%         3
 Summon Guardian Golem    Hex/Summ       4%         N/A       32%         3
 Orb of Destruction       Conj           27%        9d9       56%         7
 Manifold Assault         Tloc           13%        N/A       80%         5
 Spellforged Servitor     Conj/Summ      15%        N/A       100%        7


Dungeon Overview and Level Annotations

Branches:
Dungeon (7/15)             Temple (0/1) D:4         Ossuary (visited)

Altars:
Elyvilon
Hepliaklqana
Kikubaaqudgha
Makhleb
Vehumet
Xom
Yredelemnul

Shops:
D:7 *

Annotations:
D:4 2 transporters, nucleargodhead's ghost, amateur MiBe


Innate Abilities, Weirdness & Mutations

Your life essence is reduced to manifest your ancestor. (-10% HP)
You have a beak for a mouth.
You have claws for feet.
Your magical nature lets you fly swiftly and evasively.


Message History

The arrow hits you!
Casting: Magic Dart (safe; 1% risk of failure)
Confirm with . or Enter, or press ? or * to list all spells.
Aiming: Magic Dart (safe; 1% risk of failure)
Press: ? - help, Shift-Dir - straight line, f/p - centaur
Aim: a centaur, wielding a +0 shortbow and quivering poisoned darts (lightly wounded, ally target, 100% to hit)
The magic dart hits the centaur.
The centaur is moderately wounded.
The centaur shoots an arrow.
The arrow barely misses you.
Casting: Magic Dart (safe; 1% risk of failure)
Confirm with . or Enter, or press ? or * to list all spells.
Aiming: Magic Dart (safe; 1% risk of failure)
Press: ? - help, Shift-Dir - straight line, f/p - centaur
Aim: a centaur, wielding a +0 shortbow and quivering poisoned darts (moderately wounded, ally target, 100% to hit)
The magic dart hits the centaur.
The centaur is heavily wounded.
The centaur shoots an arrow.
The arrow hits you.
The centaur shoots an arrow.
The arrow hits you!
* * * LOW HITPOINT WARNING * * *
Casting: Magic Dart (safe; 1% risk of failure)
Confirm with . or Enter, or press ? or * to list all spells.
Aiming: Magic Dart (safe; 1% risk of failure)
Press: ? - help, Shift-Dir - straight line, f/p - centaur
Aim: a centaur, wielding a +0 shortbow and quivering poisoned darts (heavily wounded, ally target, 100% to hit)
The magic dart hits the centaur.
The centaur is heavily wounded.
The centaur shoots an arrow.
The arrow hits you!
* * * LOW HITPOINT WARNING * * *
Casting: Magic Dart (safe; 1% risk of failure)
Confirm with . or Enter, or press ? or * to list all spells.
Aiming: Magic Dart (safe; 1% risk of failure)
Press: ? - help, Shift-Dir - straight line, f/p - centaur
Aim: a centaur, wielding a +0 shortbow and quivering poisoned darts (heavily wounded, ally target, 100% to hit)
The magic dart hits the centaur but does no damage.
The centaur is heavily wounded.
The centaur shoots an arrow.
The arrow hits you but does no damage.
Edwyna casts a spell at the centaur.
The centaur resists with some effort.
The centaur shoots an arrow.
The arrow hits you.
You die...

......c.. ........###
.......∩#.## #
.......<...# .#
.......R....# ..
............# # #
#............## .# #
#.........@...#..##
.#'#.................#
##.................>....#
.......................##
..##...........)......##
####................###
###....≈≈≈≈≈≈≈≈≈≈≈..###
..#...≈≈........≈≈....###
)...≈≈≈.....##...≈≈≈≈...#


You could see the friendly Edwyna the hexer and a centaur (ally target).

Vanquished Creatures
  Sigmund (D:2)
  A shadow (D:5)
  An ice beast (D:6)
  A sky beast (D:6)
  An ogre (D:6)
  A centaur (D:5)
  3 phantoms
  A gnoll sergeant (D:7)
  2 scorpions
  A water moccasin zombie (Ossuary)
  2 electric eels (D:7)
  5 hounds
  A gnoll bouda (D:7)
  Terence (D:2)
  2 mummies (Ossuary)
  Robin (D:4)
  15 gnolls
  5 adders
  A shadow imp (D:6)
  A white imp (D:5)
  An ufetubus (D:7)
  4 adder zombies (Ossuary)
  A worm (D:2)
  3 dart slugs
  2 orcs (D:4)
  5 ball pythons
  7 endoplasms
  5 giant cockroaches
  A gnoll zombie (Ossuary)
  17 goblins
  7 hobgoblins
  A jackal (D:7)
  2 kobolds
  A quokka (D:5)
  8 bats
  3 frilled lizards
  4 hobgoblin zombies (Ossuary)
  6 kobold zombies (Ossuary)
  3 orc zombies (Ossuary)
  4 rats
  A spectral orc (D:3)
133 creatures vanquished.

Vanquished Creatures (collateral kills)
  Grinder (D:4)
  Menkaure (D:4)
  An ogre (D:4)
  A phantom (D:6)
  A bullfrog (D:6)
  A gnoll sergeant (D:7)
  A necrophage (D:5)
  2 water moccasin zombies (Ossuary)
  3 hounds
  A jelly (D:5)
  Crazy Yiuf (D:4)
  A gnoll bouda (D:6)
  2 iguanas
  8 gnolls
  2 worms (D:4)
  A dart slug (D:4)
  A gnoll zombie (Ossuary)
  2 goblins (D:4)
  A hobgoblin (D:4)
  2 jackals (D:7)
  A hobgoblin zombie (Ossuary)
  An orc zombie (Ossuary)
36 creatures vanquished.

Vanquished Creatures (others)
  2 hexers
  An ancestor (D:2)
3 creatures vanquished.

Grand Total: 172 creatures vanquished

Notes
Turn   | Place    | Note
-------+----------+-------------------------------------------
     0 | D:1      | enile the Tengu Conjurer began the quest for the Orb.
     0 | D:1      | Reached XP level 1. HP: 10/10 MP: 4/4
   115 | D:1      | Reached skill level 1 in Fighting
   228 | D:1      | Reached XP level 2. HP: 14/16 MP: 0/6
   321 | D:1      | You fall into a shaft and drop 1 floor!
   416 | D:2      | Found a faded altar of an unknown god.
   442 | D:2      | Prayed at the altar of an unknown god.
   442 | D:2      | Became a worshipper of Hepliaklqana the Forgotten
   442 | D:2      | Reached * piety under Hepliaklqana
   523 | D:2      | Reached skill level 1 in Translocations
   523 | D:2      | Reached XP level 3. HP: 18/18 MP: 5/7
   999 | D:2      | Reached XP level 4. HP: 23/23 MP: 1/8
  1260 | D:2      | Learned a level 2 spell: Blink
  1355 | D:2      | Noticed Terence
  1363 | D:2      | Killed Terence
  1522 | D:2      | Noticed Sigmund
  1528 | D:2      | Killed Sigmund
  1529 | D:2      | Reached skill level 6 in Conjurations
  1529 | D:2      | Gained mutation: Your magical nature lets you fly swiftly
                  | and evasively. [Tengu growth]
  1529 | D:2      | Reached XP level 5. HP: 13/28 MP: 3/12
  1529 | D:2      | Reached XP level 6. HP: 16/33 MP: 3/13
  1746 | D:2      | Reached ** piety under Hepliaklqana
  1922 | D:3      | Remembered your ancestor Edwyna as a hexer
  2271 | D:3      | Found an ancient bone altar of Kikubaaqudgha.
  2430 | D:3      | Found a basalt altar of Yredelemnul.
  2857 | D:4      | Reached XP level 7. HP: 36/38 MP: 14/14
  2876 | D:4      | Found a burning altar of Makhleb.
  2929 | D:4      | Noticed Menkaure
  2934 | D:4      | Killed Menkaure
  2967 | D:4      | Noticed Robin
  2970 | D:4      | Killed Robin
  3068 | D:4      | Reached skill level 5 in Dodging
  3137 | D:4      | Found a transporter.
  3191 | D:4      | Found a transporter.
  3194 | D:4      | Noticed nucleargodhead's ghost (amateur MiBe)
  3205 | D:4      | Found a white marble altar of Elyvilon.
  3297 | D:4      | Noticed Grinder
  3313 | D:4      | Killed Grinder
  3320 | D:4      | Reached XP level 8. HP: 18/43 MP: 15/15
  3578 | D:4      | Found a radiant altar of Vehumet.
  3594 | D:4      | Found a staircase to the Ecumenical Temple.
  3621 | D:4      | Found a runed translucent door.
  3622 | D:4      | Noticed Crazy Yiuf
  3798 | D:4      | Killed Crazy Yiuf
  3915 | D:5      | Entered Level 5 of the Dungeon
  3925 | D:5      | Found a shimmering altar of Xom.
  4157 | D:5      | Found a hazy altar of Hepliaklqana.
  4207 | D:5      | Reached *** piety under Hepliaklqana
  4756 | D:5      | Noticed a shadow
  4761 | D:5      | Reached skill level 5 in Evocations
  4811 | D:5      | Killed a shadow
  4812 | D:5      | Reached skill level 7 in Conjurations
  5318 | D:6      | Reached skill level 8 in Conjurations
  5342 | D:6      | Found a sand-covered staircase.
  5347 | Ossuary  | Entered an ossuary
  5580 | Ossuary  | Reached skill level 9 in Conjurations
  6137 | D:6      | Reached XP level 9. HP: 46/46 MP: 9/16
  6221 | D:6      | Reached **** piety under Hepliaklqana
  6243 | D:6      | Reached skill level 10 in Conjurations
  6595 | D:6      | Reached skill level 11 in Conjurations
  6595 | D:6      | Reached skill level 1 in Short Blades
  8018 | D:7      | Found Gadow's General Store.
  8024 | D:7      | HP: 2/46 [centaur/arrow (9)]
  8025 | D:7      | Shot with an arrow by a centaur

Illustrated notes

Levels and vault maps discovered:
D:1:      dpeg_arrival_arbitrary_a, layout_loops_ring
D:2:      layout_loops_corners, nicolae_ecumenical_snake_handling, uniq_terence,
          uniq_sigmund
D:3:      layout_rooms, nicolae_kikubaaqudgha_miasma_corner,
          yredelemnul_forgotten_temple_becter, kennysheep_generic_room_12
D:4:      layout_rooms, nicolae_vehumet_altar_sigil,
          mainiacjoe_overflow_brackets, old_standard_altar,
          minmay_temple_entry_slanted, gammafunk_ghost_mausoleum,
          minmay_bisected, uniq_grinder, uniq_menkaure, uniq_robin,
          uniq_crazy_yiuf_cottage
D:5:      layout_loops_cross, nicolae_overflow_crystal_walls,
          mainiacjoe_overflow_six_doors_small, minmay_small_thing
D:6:      layout_basic, enter_ossuary_2
D:7:      layout_cave_pools, mainiacjoe_overflow_surrounded_room, slow_altar_2,
          serial_shops, shop, serial_gnoll_camp, gnoll_camp_mini_house,
          gnoll_camp_mini_loothouse, gnoll_camp_huts_moat, gnoll_camp_mini_house

Skill      XL: |  1  2  3  4  5  6  7  8  9 |
---------------+----------------------------+-----
Fighting       | 1 2 3 4 |  4.0
Translocations | 1 2 |  2.0
Spellcasting   | 4 |  4.0
Conjurations   | 6 9 11 | 11.9
Dodging        | 3 5 |  5.0
Evocations     | 3 5 |  5.0
Short Blades   | 3 |  3.0
Stealth        | 4 |  4.0

Action                   |  1- 3 |  4- 6 |  7- 9 || total
-------------------------+-------+-------+-------++-------
Melee: Unarmed           |     8 |       |       ||     8
       Kick              |     3 |     2 |    58 ||    63
       Peck              |     2 |     2 |    40 ||    44
       Dagger            |     1 |    20 |   178 ||   199
       Punch             |       |       |     1 ||     1
 Cast: Magic Dart        |    54 |    57 |   199 ||   310
       Blink             |       |       |     1 ||     1
Invok: Recall Ancestor   |       |     2 |     5 ||     7
       Ancestor Life: He |       |     1 |       ||     1
Evoke: Wand              |       |       |     8 ||     8
  Use: Scroll            |       |       |     4 ||     4
 Stab: Sleeping          |       |     3 |     4 ||     7
       Confused          |       |       |     4 ||     4
Armor: Robe              |     4 |       |    24 ||    28
Dodge: Dodged            |     8 |    14 |   146 ||   168

Table legend: (Time is in decaauts)
 A = Elapsed time spent in this place.
 B = Non-inter-level travel time spent in this place.
 C = Inter-level travel time spent in this place.
 D = Time resting spent in this place.
 E = Time spent auto-exploring this place.
 F = Levels seen in this place.
 G = Mean time per level.
                   A        B        C        D        E       F      G
               +--------+--------+--------+--------+--------+-----+--------+
         Total |   7720 |   7604 |    116 |    248 |   6413 |   8 |  965.0 |
       Dungeon |   7191 |   7075 |    116 |    248 |   6020 |   7 | 1027.3 |
       Ossuary |    529 |    529 |      0 |      0 |    393 |   1 |  529.0 |
               +--------+--------+--------+--------+--------+-----+--------+

Top non-repeatable levels by time:
     D:2: 1569 daAuts
     D:6: 1384 daAuts
     D:5: 1302 daAuts
     D:4: 1031 daAuts
     D:3: 866 daAuts
     D:7: 716 daAuts
 Ossuary: 529 daAuts
     D:1: 321 daAuts
